 Dungeon Crawl Stone Soup version 0.31-a0-889-g1a8549509d (webtiles) character file.

Game seed: 6384059168527617599

88 p00ps00p the Trooper (level 4, -1/41 HPs)
             Began as a Hill Orc Fighter on Oct 16, 2023.
             Slain by a gnoll
             ... wielding a +0 halberd
             ... led by a gnoll bouda
              (15 damage)
             ... on level 2 of the Dungeon.
             The game lasted 00:02:21 (663 turns).

p00ps00p the Trooper (Hill Orc Fighter)              Turns: 663, Time: 00:02:22

Health: -1/41      AC:  6    Str: 20    XL:     4   Next: 54%
Magic:  4/4        EV:  9    Int:  8    God:
Gold:   77         SH: 10    Dex: 10    Spells: 3/3 levels left

rFire   . . .        a - +0 war axe
rCold   . . .        f - +2 kite shield
rNeg    . . .        e - +3 leather armour
rPois   .            (no helmet)
rElec   .            (no cloak)
rCorr   .            (no gloves)
SInv    .            (no boots)
Will    .....        i - amulet of regeneration
Stlth   +            (no ring)
HPRegen 1.06/turn    (no ring)
MPRegen 0.09/turn

%: no passive effects
@: no status effects
A: no striking features
a: no special abilities


You were on level 2 of the Dungeon.
You visited 1 branch of the dungeon, and saw 2 of its levels.

You collected 77 gold pieces.

Inventory:

Hand Weapons
 a - a +0 war axe (weapon)
Armour
 b - a +0 scale mail
 c - a +0 buckler
 e - a +3 leather armour (worn)
 f - a +2 kite shield (worn)
Jewellery
 i - an amulet of regeneration (around neck)
Scrolls
 j - 2 scrolls of identify
Potions
 d - a potion of might
 g - a potion of haste
 h - a potion of berserk rage {unknown}
 k - 2 potions of attraction {unknown}
 l - a potion of mutation {unknown}


   Skills:
 + Level 4.4 Fighting
 + Level 3.9 Axes
 + Level 4.0 Armour
 + Level 4.0 Shields


You had 3 spell levels left.
You didn't know any spells.
Your spell library contained the following spells:

 Spells                   Type           Power      Damage    Failure   Level
 Sandblast                Erth           0%         2d4       77%         1
 Passwall                 Tmut/Erth      0%         N/A       88%         2
 Stone Arrow              Conj/Erth      0%         3d7       98%         3
 Brom's Barrelling Bould  Conj/Erth      0%         2d3       100%        4


Dungeon Overview and Level Annotations

Branches:
Dungeon (2/15)

Altars:

Annotations:
D:1 1 transporter


Message History

Unknown command.
You closely miss the gnoll.
The gnoll is no longer moving quickly.
You block the gnoll's attack.
Unknown command.
You slash the gnoll!
The gnoll is almost dead.
The gnoll hits you with a +0 flail. x2
Unknown command.
You hit the gnoll.
You kill the gnoll!
The gnoll hits you with a +0 flail!
Your Shields skill increases to level 4!
Unknown command.
You are too injured to fight recklessly!
Unknown command.
You are too injured to fight recklessly!
Unknown command.
You are too injured to fight recklessly!
Unknown command.
You are too injured to fight recklessly!
Unknown command.
You are too injured to fight recklessly!
Unknown command.
You are too injured to fight recklessly!
Unknown command.
You are too injured to fight recklessly!
Unknown command.
You are too injured to fight recklessly!
Unknown command.
You are too injured to fight recklessly!
Unknown command.
You are too injured to fight recklessly!
Unknown command.
You closely miss the gnoll. The gnoll barely misses you.
The gnoll hits you with a +0 flail!
You slash the gnoll!
The gnoll is severely wounded.
The gnoll barely misses you. x2
The gnoll hits you from afar with a +0 halberd!
You die...

##....)..........###..#
##...#...............#
.....##...........##.##
####.#######......##.#
#.# # ###.......# ...
.. ####.#### #.# #.#
#.# #. #...##.# #gg@.#
#..g#### #.# .. #


You could see 3 gnolls.

Vanquished Creatures
  A gnoll bouda (D:2)
  2 gnolls (D:2)
  A dart slug (D:1)
  6 endoplasms
  3 giant cockroaches
  5 goblins
  2 hobgoblins
  2 jackals (D:2)
  2 kobolds (D:1)
  2 quokkas (D:1)
  2 ball pythons (D:1)
  4 bats (D:1)
  2 frilled lizards
  2 rats (D:1)
36 creatures vanquished.

Notes
Turn   | Place    | Note
-------+----------+-------------------------------------------
     0 | D:1      | p00ps00p the Hill Orc Fighter began the quest for the Orb.
     0 | D:1      | Reached XP level 1. HP: 19/19 MP: 1/1
   108 | D:1      | Reached XP level 2. HP: 27/27 MP: 2/2
   316 | D:1      | Found a faded altar of an unknown god.
   426 | D:1      | Reached XP level 3. HP: 33/33 MP: 3/3
   656 | D:2      | Reached XP level 4. HP: 29/40 MP: 4/4
   663 | D:2      | Slain by a gnoll

Illustrated notes

Levels and vault maps discovered:
D:1:      spicycebolla_arrival_risky_transporter, layout_basic,
          hellmonk_ecumenical_altar_pennies_from_heaven, minmay_tetromino_l2
D:2:      layout_loops_cross

Skill      XL: |  1  2  3  4 |
---------------+-------------+-----
Axes           | 3 |  3.9
Fighting       | 4 |  4.4
Armour         | 4 |  4.0
Shields        | 4 |  4.0

Action                     |  1- 3 |  4- 6 || total
---------------------------+-------+-------++-------
  Melee: War axe           |    92 |     8 ||   100
    Use: Scroll            |     3 |       ||     3
 Armour: Scale mail        |    16 |       ||    16
         Leather armour    |    39 |     6 ||    45
  Dodge: Dodged            |    34 |     4 ||    38
  Block: Buckler           |     4 |       ||     4
         Kite shield       |    47 |     3 ||    50

Table legend: (Time is in decaauts)
 A = Elapsed time spent in this place.
 B = Non-inter-level travel time spent in this place.
 C = Inter-level travel time spent in this place.
 D = Time resting spent in this place.
 E = Time spent auto-exploring this place.
 F = Levels seen in this place.
 G = Mean time per level.
                   A        B        C        D        E       F      G
               +--------+--------+--------+--------+--------+-----+--------+
         Total |    710 |    695 |     15 |      0 |    410 |   2 |  355.0 |
       Dungeon |    710 |    695 |     15 |      0 |    410 |   2 |  355.0 |
               +--------+--------+--------+--------+--------+-----+--------+

Top non-repeatable levels by time:
     D:1: 507 daAuts
     D:2: 203 daAuts
